 Dungeon Crawl Stone Soup version 0.19.3-4-gbf9329e (webtiles) character file.

63 theAP the Skirmisher (level 4, -1/37 HPs)
             Began as a Formicid Fighter on Jan 27, 2017.
             Slain by a gnoll (4 damage)
             ... on level 2 of the Dungeon.
             The game lasted 00:01:58 (926 turns).

theAP the Skirmisher (Formicid Fighter)              Turns: 926, Time: 00:01:59

Health: -1/37      AC:  6    Str: 22    XL:     4   Next: 31%
Magic:  4/4        EV:  8    Int:  7    God:
Gold:   141        SH:  9    Dex: 10    Spells: 0 memorised, 3 levels left

rFire  . . .     SeeInvis +     a - +0 trident
rCold  . . .     Gourm    .     b - +0 scale mail
rNeg   . . .     Faith    .     c - +0 shield
rPois  .         Spirit   .     (helmet unavailable)
rElec  .         Reflect  .     (no cloak)
rCorr  .         Harm     .     (no gloves)
MR     .....                    (no boots)
Stlth  ..........               (no amulet)
                                (no ring)
                                l - ring of wizardry

@: no status effects
A: permanent stasis, dig shafts and tunnels, four strong arms, antennae 3
a: Dig, Shaft Self


You were on level 2 of the Dungeon.
You were not hungry.

You visited 1 branch of the dungeon, and saw 2 of its levels.

You collected 141 gold pieces.

Inventory:

Hand Weapons
 a - a +0 trident (weapon)
Armour
 b - a +0 scale mail (worn)
 c - a +0 shield (worn)
Jewellery
 l - a ring of wizardry (left hand)
Scrolls
 i - a scroll of immolation {unknown}
 j - 2 scrolls of teleportation {unknown}
 m - a scroll of fear {unknown}
 p - a scroll of remove curse {unknown}
 q - a scroll of random uselessness {unknown}
Potions
 d - 2 potions of might
 e - 2 potions of haste {unknown}
 g - a potion of curing {unknown}
 k - a potion of flight {unknown}
Comestibles
 f - 4 bread rations
 h - a beef jerky
 n - a meat ration
 o - 4 fruits


   Skills:
 + Level 4.1 Fighting
 * Level 3.5 Polearms
 - Level 3.3 Armour
 - Level 3.7 Shields


You had 3 spell levels left.
You didn't know any spells.

Dungeon Overview and Level Annotations

Branches:
Dungeon (2/15)

Altars:


Innate Abilities, Weirdness & Mutations

You are under a permanent stasis effect.
You can dig through walls and to a lower floor.
Your four strong arms can wield two-handed weapons with a shield.
You have a pair of large antennae on your head. (SInv)


Message History

The gnoll is moderately wounded.
The gnoll closely misses you.
You barely miss the gnoll.
The gnoll is moderately wounded.
You block the gnoll's attack.
You hit the gnoll.
The gnoll is heavily wounded.
The gnoll barely misses you. You block the gnoll's attack.
You barely miss the gnoll.
The gnoll is heavily wounded.
The gnoll barely misses you.
You puncture the gnoll!
You kill the gnoll!
You closely miss the gnoll. The gnoll hits you.
* * * LOW HITPOINT WARNING * * *
You barely miss the gnoll. The gnoll hits you but does no damage.
You puncture the gnoll!
The gnoll is severely wounded.
The gnoll misses you. The gnoll hits you.
You die...

###..#.........#.#.#......... ##
.................#....#.### ...
#...##........#####....#...+....
..........................##....
##.#+# .#....#.#................
..........####.......#
......#)#.#####......#.##
.#....#.#.#.#......(....#
......#.#@#.#.##....##..#
........#g#..........# .#
..........#.#.##.#..## #
.......##.#.#........# .....
#.#.#.###....# ### ###.....#
#....# #...#.#+# #....# #..[#...
...........#


You could see a gnoll.

Vanquished Creatures
  2 gnolls (D:2)
  3 worms (D:2)
  A dart slug (D:2)
  2 bats (D:1)
  A giant cockroach (D:2)
  6 goblins
  5 hobgoblins
  3 jackals (D:1)
  3 kobolds (D:1)
  4 frilled lizards
  2 rats
32 creatures vanquished.

Notes
Turn   | Place    | Note
-------+----------+-------------------------------------------
     0 | D:1      | theAP the Formicid Fighter began the quest for the Orb.
     0 | D:1      | Reached XP level 1. HP: 18/18 MP: 1/1
     2 | D:1      | Noticed a vine stalker
     2 | D:1      | Noticed a merfolk
     4 | D:1      | Noticed a ghoul
     4 | D:1      | Noticed a draconian
     6 | D:1      | Noticed a troll
     6 | D:1      | Noticed a human
     8 | D:1      | Noticed a tengu
     8 | D:1      | Noticed a felid
    10 | D:1      | Noticed a spriggan
    12 | D:1      | Noticed a centaur
    12 | D:1      | Noticed an octopode
    14 | D:1      | Noticed a halfling
    14 | D:1      | Noticed an ogre
    16 | D:1      | Noticed a demonspawn
    16 | D:1      | Noticed a minotaur
    18 | D:1      | Noticed a dwarf
    18 | D:1      | Noticed a naga
    20 | D:1      | Noticed a formicid
    22 | D:1      | Noticed a vampire
    24 | D:1      | Noticed a gargoyle
    26 | D:1      | Noticed a demigod
    26 | D:1      | Noticed an elf
   158 | D:1      | Reached XP level 2. HP: 22/24 MP: 2/2
   446 | D:1      | Reached XP level 3. HP: 30/30 MP: 3/3
   914 | D:2      | Reached skill level 4 in Fighting
   914 | D:2      | Reached XP level 4. HP: 16/37 MP: 4/4
   926 | D:2      | Slain by a gnoll

Skill      XL: |  1  2  3 |
---------------+----------+-----
Polearms       | 3 |  3.5
Fighting       | 4 |  4.1
Armour         | |  3.3
Shields        | |  3.7

Action                   |  1- 3 |  4- 6 || total
-------------------------+-------+-------++-------
Melee: Trident           |   128 |    11 ||   139
Armor: Scale mail        |    41 |     2 ||    43
Dodge: Dodged            |    22 |     4 ||    26
Block: Shield            |    64 |     4 ||    68
